 Dungeon Crawl Stone Soup version 0.24-a0-173-gc15b636e9c (webtiles) character file.

Game seed: 6041111905878580984

154 EnegeticOcto the Shield-Bearer (level 5, -1/37 HPs)
             Began as an Octopode Fighter on Mar 12, 2019.
             Killed by nerve-wracking pain
             ... invoked by an orc priest
              (11 damage)
             ... on level 3 of the Dungeon.
             The game lasted 00:01:46 (2006 turns).

EnegeticOcto the Shield-Bearer (Octopode Fighter)   Turns: 2006, Time: 00:01:46

Health: -1/37      AC:  1    Str: 16    XL:     5   Next: 35%
Magic:  5/5        EV: 12    Int: 10    God:
Gold:   92         SH: 10    Dex: 12    Spells: 4/4 levels left

rFire    . . .     SeeInvis .   a - +0 rapier
rCold    . . .     Gourm    .   b - +1 shield
rNeg     . . .     Faith    .   (helmet restricted)
rPois    .         Spirit   .   (no amulet)
rElec    .         Reflect  .   (no ring)
rCorr    .         Harm     .   (no ring)
MR       .....                  (no ring)
Stlth    +++.......             (no ring)
HPRegen  0.12/turn              (no ring)
MPRegen  0.09/turn              (no ring)
                                (no ring)
                                (no ring)

@: very slightly contaminated, invisible
A: almost no armour, stealthy swim, amphibious, 8 rings, constrict 8, camouflage
1, gelatinous body 1
a: no special abilities


You were on level 3 of the Dungeon.
You were not hungry.

You visited 1 branch of the dungeon, and saw 3 of its levels.

You collected 92 gold pieces.

Inventory:

Hand Weapons
 a - a +0 rapier (weapon)
Armour
 b - a +1 shield (worn)
Scrolls
 i - a scroll of enchant armour
 l - 2 scrolls of teleportation
Potions
 c - a potion of might {@q3 !q}
 f - 3 potions of mutation
Comestibles
 e - 2 rations


   Skills:
 + Level 3.8 Fighting
 + Level 3.1 Short Blades
 - Level 3.0 Dodging
 + Level 3.3 Stealth
 + Level 3.9 Shields


You had 4 spell levels left.
You didn't know any spells.
Your spell library was empty.

Dungeon Overview and Level Annotations

Branches:
Dungeon (3/15)

Altars:
Dithmenos


Innate Abilities, Weirdness & Mutations

You cannot wear most types of armour.
You are very stealthy in the water. (Stealth+)
You are amphibious.
You can wear up to eight rings at the same time.
You can use your tentacles to constrict eight enemies at once.
Your skin changes colour to match your surroundings (Stealth+).
Your rubbery body absorbs attacks. (AC +1, EV +1)


Message History

You closely miss the orc priest. You grab the orc priest.
You squeeze the orc priest.
The orc priest is moderately wounded.
You constrict the orc priest.
The orc priest hits you but does no damage.
You hit the orc priest.
The orc priest is severely wounded.
You constrict the orc priest.
An orc priest comes into view. It is wielding a -3 hand axe.
The orc priest mumbles some strange prayers to Beogh against you.
Pain shoots through your body!
* * * LOW HITPOINT WARNING * * *
You fade into invisibility!
You constrict the orc priest. The orc priest misses you.
You are very lightly contaminated with residual magic.
You hit the orc priest. You squeeze the orc priest.
You kill the orc priest!
The orc priest invokes the aid of Beogh against you.
Pain shoots through your body!
You die...

*,,,<,,,,,**,**,,,,,
*,,,.....#**,,,,****
*,,......,,,,,******
*,,o....,****,,,,,,,
*,.....,,* *,,,,,,,
######.##.#******,,,,,,,
#......#..####.,>,,,,,**
#.<..###o......*****,,,*
#....o.@.#****** *,*,,
#....###.# *,***
#....#*,.# *,* *
#....#*,## *,* *
#.....,,* *,***
#.....#** *,**, ###...#
*,,,, #...# ***** *,,,*


You could see an orc priest and an orc (wandering).

Vanquished Creatures
  2 orc priests (D:3)
  4 adders (D:2)
  4 dart slugs
  A worm (D:2)
  A leopard gecko (D:2)
  An orc (D:3)
  4 giant cockroaches
  5 goblins
  4 hobgoblins
  3 jackals (D:2)
  3 kobolds
  A ball python (D:2)
  7 bats
  4 frilled lizards
  9 rats
53 creatures vanquished.

Notes
Turn   | Place    | Note
-------+----------+-------------------------------------------
     0 | D:1      | EnegeticOcto the Octopode Fighter began the quest for the
                  | Orb.
     0 | D:1      | Reached XP level 1. HP: 16/16 MP: 1/1
   100 | D:1      | Reached skill level 1 in Stealth
   100 | D:1      | Reached XP level 2. HP: 21/21 MP: 2/2
   651 | D:1      | Reached XP level 3. HP: 26/26 MP: 3/3
  1223 | D:2      | Reached XP level 4. HP: 26/31 MP: 4/4
  1442 | D:2      | Found a shadowy altar of Dithmenos.
  2000 | D:3      | Reached XP level 5. HP: 35/37 MP: 5/5
  2006 | D:3      | Killed from afar by an orc priest

Levels and vault maps discovered:
D:1:      minmay_arrival_diagonal_passages, layout_basic
D:2:      layout_basic, old_standard_altar, minmay_fractal_squares_5
D:3:      layout_rooms, yredelemnul_altar_generic, first_ration,
          chequers_ecumenical_altar_simple_redux, uniq_crazy_yiuf_cottage

Skill      XL: |  1  2  3  4 |
---------------+-------------+-----
Stealth        | 1 2 3 |  3.3
Short Blades   | 3 |  3.1
Fighting       | |  3.8
Dodging        | |  3.0
Shields        | |  3.9

Action                   |  1- 3 |  4- 6 || total
-------------------------+-------+-------++-------
Melee: Rapier            |    57 |    31 ||    88
       Constrict         |    16 |     7 ||    23
       Tentacles         |    11 |     5 ||    16
  Use: Scroll            |       |     7 ||     7
       Potion            |       |     1 ||     1
 Stab: Sleeping          |    14 |     3 ||    17
  Eat: Chunk             |     1 |     2 ||     3
Armor: Skin              |     4 |     3 ||     7
Dodge: Dodged            |    16 |    11 ||    27
Block: Shield            |    17 |     7 ||    24

Table legend:
 A = Non-vault XP
 B = Vault XP
 C = Vault XP percentage of total XP
 D = Non-vault monster count
 E = Vault monster count
 F = Vault count percentage of total count
                 A         B        C        D         E       F
            +---------+---------+-------+---------+---------+-------
      Total |     212 |       8 |   3.6 |      49 |       4 |   7.5
            +---------+---------+-------+---------+---------+-------
        D:1 |      39 |       0 |   0.0 |      22 |       0 |   0.0
        D:2 |      88 |       8 |   8.3 |      24 |       4 |  14.3
        D:3 |      85 |       0 |   0.0 |       3 |       0 |   0.0
            +---------+---------+-------+---------+---------+-------
